 Dungeon Crawl Stone Soup version 0.31-a0-986-g5e6e4ef867 (webtiles) character file.

Game seed: 3598274362610475811

299 croobank the Sneak (level 6, 0/38 HPs)
             Began as an Octopode Earth Elementalist on Nov 21, 2023.
             Slain by an iguana (5 damage)
             ... on level 4 of the Dungeon.
             The game lasted 00:06:01 (3428 turns).

croobank the Sneak (Octopode Earth Elementalist)    Turns: 3428, Time: 00:06:02

Health: 0/38       AC:  1    Str:  7    XL:     6   Next: 36%
Magic:  9/10       EV: 13    Int: 20    God:
Gold:   148        SH:  0    Dex: 12    Spells: 7/11 levels left

rFire   . . .        c - +0 dagger
rCold   . . .        (no shield)
rNeg    . . .        (helmet restricted)
rPois   .            q - amulet of the acrobat
rElec   .            (no ring)
rCorr   .            (no ring)
SInv    .            (no ring)
Will    .....        (no ring)
Stlth   ++++         (no ring)
HPRegen 0.26/turn    (no ring)
MPRegen 0.12/turn    (no ring)
                     (no ring)

%: acrobat
@: no status effects
A: almost no armour, amphibious, 8 rings, camouflage 1, gelatinous body 1,
(nimble swimmer 1), tentacles
a: no special abilities


You were on level 4 of the Dungeon.
You visited 1 branch of the dungeon, and saw 4 of its levels.

You collected 148 gold pieces.

Inventory:

Hand Weapons
 c - a +0 dagger (weapon)
 n - a +0 trident
 p - a +0 war axe
Missiles
 j - 5 poisoned darts
Jewellery
 k - an amulet of guardian spirit
 q - an amulet of the acrobat (around mantle)
 t - an amulet of faith
Talismans
 e - a dragon-blood talisman
Wands
 s - a wand of polymorph (8)
Scrolls
 b - 3 scrolls of identify {unknown}
 h - a scroll of noise {unknown}
 i - 2 scrolls of teleportation {unknown}
 l - a scroll of enchant weapon {unknown}
 m - 2 scrolls of silence {unknown}
Potions
 a - a potion of magic
 d - 4 potions of curing {unknown}
 f - 2 potions of degeneration {unknown}
 g - a potion of lignification {unknown}
 o - a potion of cancellation {unknown}
 r - a potion of haste {unknown}


   Skills:
 + Level 1.3 Fighting
 + Level 3.2 Dodging
 + Level 4.4 Stealth
 + Level 3.1 Spellcasting
 + Level 1.2 Conjurations
 + Level 2.5 Transmutations
 + Level 3.9 Earth Magic


You had 7 spell levels left.
You knew the following spells:

 Your Spells              Type           Power      Damage    Failure   Level
a - Sandblast             Erth           36%        2d10      2%          1
b - Stone Arrow           Conj/Erth      26%        3d8       14%         3

Your spell library contained the following spells:

 Spells                   Type           Power      Damage    Failure   Level
 Passwall                 Tmut/Erth      12%        N/A       6%          2
 Magic Dart               Conj           28%        1d4       9%          1
 Blink                    Tloc           6%         N/A       22%         2
 Call Imp                 Summ           6%         N/A       22%         2
 Mephitic Cloud           Conj/Pois/Air  4%         N/A       34%         3
 Petrify                  Tmut/Erth      15%        N/A       36%         4
 Tukima's Dance           Hex            3%         N/A       38%         3
 Brom's Barrelling Bould  Conj/Erth      13%        2d4       43%         4
 Manifold Assault         Tloc           3%         N/A       80%         4
 Passage of Golubria      Tloc           3%         N/A       80%         4
 Yara's Violent Unravell  Hex/Tmut       4%         3d4       93%         5


Dungeon Overview and Level Annotations

Branches:
Dungeon (4/15)
 Temple: D:4-7

Altars:


Innate Abilities, Weirdness & Mutations

You cannot wear most types of armour.
You are amphibious.
You can wear up to eight rings at the same time.
Your skin changes colour to match your surroundings (Stealth+).
Your rubbery body absorbs attacks. (AC +1, EV +1)
((You are camouflaged when in or above water. (Stealth+)))
You have tentacles for arms and can constrict up to eight enemies at once.


Message History

You constrict the iguana, but do no damage.
The orc barely misses you. The iguana misses you.
You hit the iguana but do no damage.
You squeeze the iguana, but do no damage.
The iguana is lightly wounded.
You constrict the iguana. The orc misses you. The iguana bites you!
Casting: Sandblast (safe; 2% risk of failure)
Confirm with . or Enter, or press ? or * to list all spells.
Aiming: Sandblast (safe; 2% risk of failure)
Press: ? - help, Shift-Dir - straight line, f - iguana
Aim: an iguana (lightly wounded, constricted by you, 100% to hit)
The blast of sand hits the iguana but does no damage.
The iguana is lightly wounded.
You constrict the iguana, but do no damage.
The orc misses you. The iguana closely misses you.
Casting: Sandblast (safe; 2% risk of failure)
Confirm with . or Enter, or press ? or * to list all spells.
Aiming: Sandblast (safe; 2% risk of failure)
Press: ? - help, Shift-Dir - straight line, f/p - iguana
Aim: an iguana (lightly wounded, constricted by you, 100% to hit)
The blast of sand hits the iguana!
The iguana is severely wounded.
You constrict the iguana, but do no damage.
The iguana misses you. The orc misses you. The iguana bites you!
The orc closely misses you.
Sorry, you're not good enough to have a special ability.
You release your grip on the iguana.
The orc misses you. The iguana attacks as it pursues you!
The iguana closely misses you. The orc barely misses you.
You hit the orc but do no damage. Your grab misses the orc.
The iguana bites you. The orc closely misses you.
You barely miss the orc. You grab the orc. You constrict the orc.
The iguana bites you!
* * * LOW HITPOINT WARNING * * *
The orc hits you with a +0 trident.
* * * LOW HITPOINT WARNING * * *
You hit the orc but do no damage. You squeeze the orc!
You kill the orc!
The iguana bites you.
You die...

.. #.#### ..#. #### #.#### .##.#.
...# #..... . ..... ...# ######
.#.##.#.###...#
########.#............# #
...>..................# #
................l.....# #
................@.....# ######
...............)......####.#.....
...........................#.####
#..####.....#.#####....#####.#
#..####.... #. #...........#
.#.#.#.#.# . #....########
#.#.#.#.# . #........# .#.#.#.#
.# #....###.# #.#.#.#. ###### ##


You could see an iguana.

Vanquished Creatures
  2 ogres
  An orc wizard (D:3)
  5 adders
  A worm (D:2)
  7 orcs
  4 ball pythons
  8 endoplasms
  2 giant cockroaches
  5 goblins
  6 hobgoblins
  3 jackals (D:2)
  3 kobolds
  3 bats
  4 frilled lizards
  3 rats
57 creatures vanquished.

Notes
Turn   | Place    | Note
-------+----------+-------------------------------------------
     0 | D:1      | croobank the Octopode Earth Elementalist began the quest
                  | for the Orb.
     0 | D:1      | Reached XP level 1. HP: 11/11 MP: 3/3
   878 | D:2      | Reached XP level 2. HP: 17/17 MP: 5/5
   882 | D:2      | Reached skill level 3 in Stealth
  1046 | D:2      | Reached XP level 3. HP: 19/21 MP: 6/6
  1702 | D:2      | Reached XP level 4. HP: 19/27 MP: 5/7
  2297 | D:3      | Learned a level 3 spell: Stone Arrow
  2562 | D:3      | Reached XP level 5. HP: 31/31 MP: 9/9
  3019 | D:4      | Noticed an ogre
  3020 | D:4      | Noticed an ogre
  3028 | D:3      | Killed an ogre
  3029 | D:3      | Reached skill level 1 in Fighting
  3029 | D:3      | Reached skill level 4 in Stealth
  3182 | D:4      | Killed an ogre
  3183 | D:4      | Reached skill level 1 in Conjurations
  3183 | D:4      | Reached XP level 6. HP: 38/38 MP: 4/10
  3428 | D:4      | Slain by an iguana

Illustrated notes

Levels and vault maps discovered:
D:1:      matt_arrival_spirals, layout_rooms, serial_aquarium,
          aquarium_bridge_square [aquarium_subvault_wall,
          aquarium_subvault_wall, aquarium_subvault_wall,
          aquarium_subvault_bridge], aquarium_bridge_square
          [aquarium_subvault_window, aquarium_subvault_bridge,
          aquarium_subvault_wall, aquarium_subvault_window],
          aquarium_window_corner, aquarium_window_corner, aquarium_window_fake,
          aquarium_view_4, aquarium_view_2d, aquarium_pool_side
D:2:      layout_basic
D:3:      layout_loops_corners, minmay_misc_feat_chi, serial_bayou_lagoon_a,
          dk_noncrumbling_3
D:4:      layout_basic, serial_shops, nicolae_shop_drivethru, serial_glass,
          glass_columns_a, glass_columns_c, glass_columns_a

Skill      XL: |  1  2  3  4  5 |
---------------+----------------+-----
Stealth        | 3 4 |  4.4
Transmutations | 2 |  2.5
Fighting       | 1 |  1.3
Dodging        | 3 |  3.2
Spellcasting   | 3 |  3.1
Conjurations   | 1 |  1.2
Earth Magic    | |  3.9

Action                     |  1- 3 |  4- 6 || total
---------------------------+-------+-------++-------
  Melee: Unarmed           |     4 |       ||     4
         Tentacles         |    10 |    14 ||    24
         Constrict         |    10 |    16 ||    26
         Dagger            |    42 |    60 ||   102
         Punch             |     1 |       ||     1
   Cast: Sandblast         |    11 |    23 ||    34
         Stone Arrow       |       |     2 ||     2
   Stab: Sleeping          |     4 |     8 ||    12
 Armour: Skin              |    18 |    24 ||    42
  Dodge: Dodged            |    25 |    50 ||    75

Table legend: (Time is in decaauts)
 A = Elapsed time spent in this place.
 B = Non-inter-level travel time spent in this place.
 C = Inter-level travel time spent in this place.
 D = Time resting spent in this place.
 E = Time spent auto-exploring this place.
 F = Levels seen in this place.
 G = Mean time per level.
                   A        B        C        D        E       F      G
               +--------+--------+--------+--------+--------+-----+--------+
         Total |   3444 |   3330 |    114 |    379 |   2514 |   4 |  861.0 |
       Dungeon |   3444 |   3330 |    114 |    379 |   2514 |   4 |  861.0 |
               +--------+--------+--------+--------+--------+-----+--------+

Top non-repeatable levels by time:
     D:2: 1220 daAuts
     D:3: 1123 daAuts
     D:1: 843 daAuts
     D:4: 256 daAuts
